 Dungeon Crawl Stone Soup version 0.30-a0-760-g5a9884bb7c (webtiles) character file.

Game seed: 13988738276478743512

14256 Crownlay the Scribe (level 12, 0/97 HPs)
             Began as a Hill Orc Fire Elementalist on Feb 11, 2023.
             Was a Priest of Sif Muna.
             Slain by a red draconian
             ... wielding a +2 broad axe of flaming
              (26 damage)
             ... in a volcano.
             The game lasted 00:42:26 (15349 turns).

Crownlay the Scribe (Hill Orc Fire Elementalist)   Turns: 15349, Time: 00:42:27

Health: 0/97       AC: 12    Str: 14    XL:     12   Next: 14%
Magic:  9/21       EV: 12    Int: 19    God:    Sif Muna [***...]
Gold:   581        SH:  0    Dex: 11    Spells: 5/21 levels left

rFire   + . .      SeeInvis .    K - +8 glaive of Dyxoruf {heavy, Fragile Will+ Str+2}
rCold   x . .      Faith    .    (shield currently unavailable)
rNeg    . . .      Spirit   .    i - +1 steam dragon scales
rPois   .          Reflect  .    B - +2 helmet
rElec   .          Harm     .    l - +1 cloak
rCorr   .          Rampage  .    (no gloves)
Will    +....                    L - +0 pair of boots
Stlth   ++                       N - amulet of magic regeneration
HPRegen 0.36/turn                x - ring of fire
MPRegen 0.57/turn                n - ring of wizardry

@: no status effects
A: no striking features
a: Renounce Religion, Channel Magic, Forget Spell


You were in a volcano.
You worshipped Sif Muna.
Sif Muna was most pleased with you.
You visited 2 branches of the dungeon, and saw 13 of its levels.
You also visited: Volcano.

You collected 667 gold pieces.
You spent 86 gold pieces at shops.

Inventory:

Hand Weapons
 a - the +5 Force Lance {heavy, knockback}
   (You found it on level 8 of the Dungeon)
 K - the +8 glaive of Dyxoruf (weapon) {heavy, Fragile Will+ Str+2}
   (You found it on level 6 of the Dungeon)

   Str:       It affects your strength (+2).
   Fragile:   It will be destroyed if unequipped.
   Will:      It increases your willpower.
Armour
 i - +1 steam dragon scales (worn)
 l - a +1 cloak (worn)
 B - a +2 helmet (worn)
 L - a +0 pair of boots (worn)
Magical Staves
 I - a staff of conjuration
Jewellery
 g - a ring of see invisible
 n - a ring of wizardry (right hand)
 x - a ring of fire (left hand)
 y - a ring of willpower
 C - a ring of resist corrosion
 N - an amulet of magic regeneration (around neck)
 P - a ring of willpower
Wands
 A - a wand of light (3)
 D - a wand of flame (13)
 E - a wand of mindburst (20)
 G - a wand of paralysis (11)
 H - a wand of iceblast (12)
 J - a wand of polymorph (7)
Scrolls
 c - 3 scrolls of vulnerability
 k - a scroll of magic mapping
 m - 2 scrolls of poison {unknown}
 o - 3 scrolls of amnesia
 q - 2 scrolls of fear
 r - a scroll of brand weapon {unknown}
 s - a scroll of torment {unknown}
 v - 5 scrolls of teleportation
 F - a scroll of fog {unknown}
 O - a scroll of blinking {unknown}
Potions
 b - a potion of magic
 d - 4 potions of brilliance {unknown}
 e - 2 potions of berserk rage {unknown}
 f - 2 potions of attraction
 h - 6 potions of lignification
 j - a potion of mutation {unknown}
 p - 2 potions of might {unknown}
 t - 2 potions of invisibility {unknown}
 u - 2 potions of resistance {unknown}
 w - 2 potions of degeneration {unknown}
 z - 3 potions of flight
 M - a potion of curing


   Skills:
 + Level 6.4 Fighting
 - Level 1.5 Dodging
 - Level 1.5 Stealth
 - Level 5.0 Spellcasting
 * Level 4.5 Conjurations
 - Level 6.6 Hexes
 * Level 7.2 Summonings
 - Level 10.0 Fire Magic
 - Level 4.0 Ice Magic
 + Level 2.7 Earth Magic
 - Level 12.0 Invocations


You had 5 spell levels left.
You knew the following spells:

 Your Spells              Type           Power      Damage    Failure   Level
a - Foxfire               Conj/Fire      100%       2x1d9     1%          1
b - Scorch                Fire           100%       2d10      1%          2
c - Ozocubu's Armour      Ice            19%        N/A       2%          3
d - Summon Ice Beast      Ice/Summ       26%        N/A       4%          4
e - Inner Flame           Hex/Fire       53%        N/A       1%          3
f - Stone Arrow           Conj/Erth      36%        3d9       3%          3

Your spell library contained the following spells:

 Spells                   Type           Power      Damage    Failure   Level
 Summon Guardian Golem    Hex/Summ       31%        N/A       1%          3
 Tukima's Dance           Hex            30%        N/A       1%          3
 Flame Wave               Conj/Fire      48%        2d12      2%          4
 Cause Fear               Hex            15%        N/A       3%          4
 Kindle Blastsparks       Fire/Tloc/Air  52%        2d14      4%          3
 Animate Armour           Summ/Erth      46%        N/A       6%          4
 Summon Mana Viper        Hex/Summ       31%        N/A       9%          5
 Metabolic Englaciation   Hex/Ice        12%        N/A       16%         5
 Yara's Violent Unravell  Hex/Tmut       8%         3d5       32%         5
 Passage of Golubria      Tloc           4%         N/A       43%         4
 Monstrous Menagerie      Summ           16%        N/A       89%         7
 Simulacrum               Ice/Necr       6%         N/A       96%         6
 Spellforged Servitor     Conj/Summ      13%        N/A       97%         7
 Orb of Destruction       Conj           11%        9d6       99%         7
 Discord                  Hex            15%        N/A       100%        8
 Lehudib's Crystal Spear  Conj/Erth      9%         10d4      100%        8


Dungeon Overview and Level Annotations

Branches:
Dungeon (11/15)            Temple (0/1) D:7            Lair (2/5) D:8
 Spider (0/4) Lair:2      Volcano (1/1)
  Swamp: Lair:2-3    Shoals: Lair:2-3       Orc: D:9-12

Altars:
Dithmenos
Fedhas
Hepliaklqana
Okawaru
Ru
Sif Muna
Trog
Uskayaw
Xom
Zin

Shops:
D:4 (   D:5 (   D:7 (   D:8 *(


Message History

The red draconian is lightly wounded.
The red draconian breathes fire at you. The searing blast misses you.
You slice the red draconian!!
Flame seeps out of the red draconian.
The red draconian is moderately wounded.
The red draconian is engulfed in blazing flames.
Flame seeps out of the red draconian.
The red draconian barely misses you.
The red draconian is engulfed in blazing flames.
Flame seeps out of the red draconian.
The red draconian breathes fire at you. The searing blast hits you! You resist.
The red draconian is engulfed in blazing flames.
Flame seeps out of the red draconian.
The red draconian hits you but does no damage.
You hit the red draconian.
Flame seeps out of the red draconian.
The red draconian is heavily wounded.
The red draconian is engulfed in blazing flames.
Flame seeps out of the red draconian.
The red draconian hits you with a +2 broad axe of flaming!
The red draconian burns you.
The red draconian is engulfed in blazing flames.
Flame seeps out of the red draconian.
The red draconian hits you with a +2 broad axe of flaming!!
* * * LOW HITPOINT WARNING * * *
The red draconian burns you.
* * * LOW HITPOINT WARNING * * *
You feel better.
The red draconian hits you but does no damage.
Okay, then.
Casting: Inner Flame (safe; 1% risk of failure)
Confirm with . or Enter, or press ? or * to list all spells.
Aiming: Stone Arrow (mildly dangerous; 3% risk of failure)
Press: ? - help, Shift-Dir - straight line, f/p - red draconian
Aim: a red draconian, wielding a +2 broad axe of flaming and wearing a +1 cloak (heavily wounded, inner flame, 68% to hit)
The stone arrow hits the red draconian.
Flame seeps out of the red draconian.
The red draconian is heavily wounded.
The red draconian is engulfed in blazing flames.
Flame seeps out of the red draconian.
The red draconian hits you with a +2 broad axe of flaming!!
You die...

.....§........................###
§§§§§≈§.......≈.≈≈≈≈≈≈≈≈≈≈≈......
≈§≈§≈≈≈§≈§....≈≈§≈≈§≈≈≈≈≈§§≈≈§...
≈§§≈≈§≈≈≈§§§§≈≈§§§§≈≈≈≈≈§≈§≈≈§...
≈≈≈≈≈≈≈≈§≈§≈≈≈≈≈≈≈§§§§≈≈§≈§≈≈§≈≈≈
§≈≈§§≈§≈§§§≈§≈≈≈§§§≈§§≈≈≈≈≈≈§≈≈§§
≈§≈≈§§§≈§≈≈≈≈≈≈≈≈≈≈≈§§§§≈≈≈≈≈≈≈≈§
≈≈≈≈≈≈§≈.≈≈≈≈.≈≈≈≈≈≈.§§§≈≈≈≈≈≈§≈§
≈§≈§≈.§.........@.......§≈≈§§≈≈≈≈
§§≈≈§§§########d########.§≈≈≈§≈≈§
≈§≈≈≈≈.# #.# ≈§ §§≈≈...# #.# §
≈≈..≈≈.# #.# ..≈≈≈≈.# #.#
≈≈≈≈≈≈.# #.# ≈≈≈≈≈≈.#.. #.#
≈≈≈≈≈§.### #'#


You could see a red draconian (inner flame).

Vanquished Creatures
  A centaur warrior (Volcano)
  3 two-headed ogres
  A lindwurm (Lair:2)
  2 black mambas
  Maggie (D:8)
  A komodo dragon (Lair:1)
  A rime drake (D:8)
  A troll (D:10)
  A hornet (D:9)
  Grinder (D:6)
  Sigmund (D:6)
  17 yaks
  2 fire bats (Volcano)
  2 wyverns
  Menkaure (D:5)
  3 water moccasins
  An acid dragon (D:9)
  4 orc warriors
  9 ice beasts
  A sky beast (D:5)
  3 wolves (D:8)
  8 centaurs
  2 phantoms
  3 bullfrogs
  2 scorpions
  19 wights
  13 killer bees
  6 lava snakes (Volcano)
  5 hounds
  Crazy Yiuf (D:2)
  An iguana (D:6)
  2 jellies
  5 orc priests
  6 orc wizards
  4 adders
  A shadow imp (D:8)
  A white imp (D:5)
  An ufetubus (D:5)
  A worm (D:2)
  2 dart slugs (D:3)
  32 orcs
  5 ball pythons
  3 bats
  7 endoplasms
  2 giant cockroaches
  10 goblins
  5 hobgoblins
  A quokka (D:5)
  A frilled lizard (D:1)
  15 kobolds
  6 rats
  2 butterflies (D:5)
229 creatures vanquished.

Vanquished Creatures (collateral kills)
  A cane toad (Lair:1)
  2 yaks (D:9)
  A centaur (D:9)
  A jelly (D:8)
  2 foxfires (D:5)
7 creatures vanquished.

Vanquished Creatures (others)
  919 foxfires
  A fungus (Lair:2)
  2 plants (Lair:1)
922 creatures vanquished.

Grand Total: 1158 creatures vanquished

Notes
Turn   | Place    | Note
-------+----------+-------------------------------------------
     0 | D:1      | Crownlay the Hill Orc Fire Elementalist began the quest for
                  | the Orb.
     0 | D:1      | Reached XP level 1. HP: 14/14 MP: 3/3
   578 | D:1      | Reached XP level 2. HP: 20/20 MP: 4/4
  1374 | D:2      | Reached XP level 3. HP: 26/26 MP: 5/5
  1377 | D:2      | Learned a level 2 spell: Scorch
  1686 | D:2      | Reached skill level 5 in Fire Magic
  1829 | D:2      | Found a runed translucent door.
  1830 | D:2      | Noticed Crazy Yiuf
  2056 | D:2      | Killed Crazy Yiuf
  2057 | D:2      | Reached skill level 1 in Ice Magic
  2057 | D:2      | Reached XP level 4. HP: 22/33 MP: 0/6
  2376 | D:3      | Learned a level 3 spell: Ozocubu's Armour
  2625 | D:3      | Found a sacrificial altar of Ru.
  2942 | D:3      | Found a blossoming altar of Fedhas.
  2974 | D:3      | Found a hide-covered altar of Uskayaw.
  3104 | D:3      | Reached XP level 5. HP: 38/38 MP: 2/7
  3497 | D:4      | Found Tedd's Weapon Shoppe.
  3865 | D:4      | Found an iron altar of Okawaru.
  3994 | D:4      | Found a bloodstained altar of Trog.
  4144 | D:4      | Reached XP level 6. HP: 45/45 MP: 5/8
  4387 | D:5      | Entered Level 5 of the Dungeon
  4842 | D:5      | Noticed Menkaure
  4870 | D:5      | Reached XP level 7. HP: 7/50 MP: 0/10
  5041 | D:5      | Found a shimmering altar of Xom.
  5074 | D:5      | Found a shimmering blue altar of Sif Muna.
  5090 | D:5      | Became a worshipper of Sif Muna the Loreminder
  5116 | D:5      | Killed Menkaure
  5117 | D:5      | Reached skill level 1 in Invocations
  5318 | D:5      | Found Wyas's Antique Weapon Shoppe.
  6090 | D:6      | Reached skill level 2 in Invocations
  6138 | D:5      | Reached XP level 8. HP: 43/57 MP: 1/12
  6271 | D:6      | Reached skill level 3 in Invocations
  6653 | D:6      | Noticed Sigmund
  6659 | D:6      | Killed Sigmund
  6660 | D:6      | Reached skill level 1 in Summonings
  6666 | D:6      | Reached skill level 4 in Invocations
  6899 | D:6      | Identified the +8 glaive of Dyxoruf {heavy, Fragile Will+
                  | Str+2}
  6981 | D:6      | Found a glowing silver altar of Zin.
  7109 | D:6      | Reached XP level 9. HP: 62/62 MP: 9/14
  7202 | D:6      | Noticed Grinder
  7223 | D:6      | Killed Grinder
  7224 | D:6      | Reached skill level 5 in Invocations
  7307 | D:6      | Reached * piety under Sif Muna
  7550 | D:7      | Found Aplonag's Antique Weapon Emporium.
  7565 | D:7      | Learned a level 4 spell: Summon Ice Beast
  7569 | D:7      | Learned a level 3 spell: Inner Flame
  7601 | D:7      | Found a staircase to the Ecumenical Temple.
  7855 | D:7      | Reached skill level 1 in Fighting
  8242 | D:7      | Found a shadowy altar of Dithmenos.
  8357 | D:7      | Reached skill level 10 in Fire Magic
  8385 | D:7      | Found a hazy altar of Hepliaklqana.
  8446 | D:7      | Reached skill level 6 in Invocations
  8900 | D:8      | Reached skill level 1 in Hexes
  8916 | D:8      | Noticed Maggie
  8925 | D:8      | Killed Maggie
  9037 | D:8      | Reached skill level 7 in Invocations
  9186 | D:8      | Reached XP level 10. HP: 78/78 MP: 10/16
  9250 | D:8      | Reached skill level 8 in Invocations
  9618 | D:8      | Reached skill level 9 in Invocations
  9626 | D:8      | Reached ** piety under Sif Muna
  9626 | D:8      | Found the +5 Force Lance {heavy, knockback}
  9627 | D:8      | Reached skill level 5 in Summonings
  9664 | D:8      | Noticed a two-headed ogre
  9673 | D:8      | Killed a two-headed ogre
  9871 | D:8      | Found a staircase to the Lair.
  9878 | D:8      | Found Dexo Vos's Assorted Antiques.
  9889 | D:8      | Bought a scroll of identify for 46 gold pieces
  9889 | D:8      | Bought a yellow potion for 20 gold pieces
  9889 | D:8      | Bought a coppery potion for 20 gold pieces
  9910 | D:8      | Reached skill level 10 in Invocations
 10187 | D:8      | Found Aceadeg's Weapon Shoppe.
 10993 | D:8      | Reached skill level 5 in Hexes
 10993 | D:8      | Reached skill level 11 in Invocations
 10993 | D:8      | Reached XP level 11. HP: 84/84 MP: 5/19
 11807 | D:9      | Reached skill level 5 in Fighting
 12122 | D:10     | Entered Level 10 of the Dungeon
 12317 | D:10     | Reached *** piety under Sif Muna
 12432 | D:10     | Noticed a two-headed ogre
 12440 | D:10     | Killed a two-headed ogre
 12441 | D:10     | Reached skill level 12 in Invocations
 12553 | D:10     | Noticed a two-headed ogre
 12560 | D:10     | Killed a two-headed ogre
 12919 | D:11     | Noticed a skeletal warrior
 13436 | Lair:1   | Entered Level 1 of the Lair of Beasts
 13462 | Lair:1   | Reached skill level 1 in Earth Magic
 14472 | Lair:2   | Learned a level 3 spell: Stone Arrow
 14489 | Lair:2   | Noticed a lindwurm
 14501 | Lair:2   | Killed a lindwurm
 14502 | Lair:2   | Reached XP level 12. HP: 33/96 MP: 2/21
 14504 | Lair:2   | Found a dark tunnel.
 14552 | Volcano  | Entered a volcano
 14730 | Volcano  | Reached skill level 5 in Spellcasting
 15320 | Volcano  | Found a burning altar of Makhleb.
 15320 | Volcano  | Noticed a centaur warrior
 15327 | Volcano  | Killed a centaur warrior
 15327 | Volcano  | Noticed a red draconian
 15349 | Volcano  | Slain by a red draconian

Illustrated notes

Levels and vault maps discovered:
D:1:      saegor_arrival_simple_d, layout_basic
D:2:      layout_rooms, grunt_decor_junction, uniq_crazy_yiuf_cottage
D:3:      minmay_door_path, layout_basic, mainiacjoe_overflow_two_lobes,
          mainiacjoe_overflow_24_doors, kennysheep_crisscross
D:4:      layout_basic, nicolae_overflow_hidden_temple,
          trog_three_pillars_becter, serial_shops, nicolae_shop_behind_doors
D:5:      corexii_shack_village, layout_loops_ring,
          mainiacjoe_overflow_alcove_4, xom_butterflies, serial_shops,
          kennysheep_mini, nrook_pool_corridor, uniq_menkaure
D:6:      layout_rooms, zin_treasury, nicolae_underground_beach, uniq_sigmund,
          uniq_grinder
D:7:      layout_loops_cross, nicolae_hepliaklqana_hippocampus,
          lemuel_tele_altar, minmay_temple_entry_ruins, minivault_23,
          nicolae_stop_n_shop_2
D:8:      layout_gridville, hellmonk_lair_entry_icy, serial_shops, shop,
          nicolae_shop_trees, minmay_misc_feat_alley, grunt_decor_clamped,
          uniq_maggie
D:9:      layout_cave_pools
D:10:     layout_gridville, dk_vineyard_3, chequers_serial_rivers_large_b,
          nicolae_concentric_dashed_squares_wild
D:11:     layout_layer_cave
Lair:1:   layout_cave_pods
Lair:2:   layout_misc_corridors, nicolae_spider_entry_orb_guardian,
          nicolae_volcano_entry_vermiform, chequers_serial_rivers_micro_d,
          grunt_megastairs_5, serial_bayou_shore_a
Volcano:  volcano_lake [vl_original]

Skill      XL: |  1  2  3  4  5  6  7  8  9 10 11 12 |
---------------+-------------------------------------+-----
Fire Magic     | 4 5 6 7 9 10 | 10.0
Ice Magic      | 1 2 3 4 |  4.0
Spellcasting   | 2 3 4 5 |  5.0
Invocations    | 2 4 7 11 12 | 12.0
Summonings     | 2 4 6 7 |  7.2
Fighting       | 4 6 |  6.4
Hexes          | 2 5 6 |  6.6
Conjurations   | 3 4 |  4.5
Earth Magic    | 2 |  2.7
Dodging        | |  1.5
Stealth        | |  1.5

Action                     |  1- 3 |  4- 6 |  7- 9 | 10-12 || total
---------------------------+-------+-------+-------+-------++-------
  Melee: Short sword       |    50 |    44 |    86 |       ||   180
         Dagger            |     1 |       |       |       ||     1
         Glaive            |       |       |    25 |    55 ||    80
         Punch             |       |       |     1 |       ||     1
   Cast: Foxfire           |    47 |   113 |   153 |   224 ||   537
         Scorch            |     1 |     6 |    26 |    53 ||    86
         Ozocubu's Armour  |       |       |     4 |     3 ||     7
         Summon Ice Beast  |       |       |     1 |    16 ||    17
         Inner Flame       |       |       |     1 |     8 ||     9
         Stone Arrow       |       |       |       |    34 ||    34
  Evoke: Wand              |       |       |       |     1 ||     1
    Use: Scroll            |     2 |     1 |     1 |    10 ||    14
         Potion            |       |       |     6 |     4 ||    10
   Stab: Sleeping          |     1 |       |       |       ||     1
 Armour: Robe              |    11 |    14 |    64 |       ||    89
         Skin              |       |       |    23 |       ||    23
         Steam dragon scal |       |       |       |    87 ||    87
  Dodge: Dodged            |    43 |    35 |    67 |   122 ||   267

Table legend: (Time is in decaauts)
 A = Elapsed time spent in this place.
 B = Non-inter-level travel time spent in this place.
 C = Inter-level travel time spent in this place.
 D = Time resting spent in this place.
 E = Time spent auto-exploring this place.
 F = Levels seen in this place.
 G = Mean time per level.
                   A        B        C        D        E       F      G
               +--------+--------+--------+--------+--------+-----+--------+
         Total |  15528 |  14915 |    613 |   1251 |  10632 |  14 | 1109.1 |
       Dungeon |  13587 |  13033 |    554 |    863 |   9675 |  11 | 1235.2 |
          Lair |   1133 |   1075 |     58 |    220 |    562 |   2 |  566.5 |
       Volcano |    807 |    807 |      0 |    168 |    395 |   1 |  807.0 |
               +--------+--------+--------+--------+--------+-----+--------+

Top non-repeatable levels by time:
     D:8: 2408 daAuts
     D:5: 1787 daAuts
     D:7: 1406 daAuts
     D:6: 1392 daAuts
     D:1: 1340 daAuts
     D:3: 1248 daAuts
    D:10: 1222 daAuts
  Lair:1: 1010 daAuts
     D:4: 951 daAuts
     D:9: 930 daAuts
     D:2: 843 daAuts
 Volcano: 807 daAuts
  Lair:2: 123 daAuts
    D:11: 55 daAuts
